 Dungeon Crawl Stone Soup version 0.26-a0-1129-gc5df7fbe6a (webtiles) character file.

Game seed: 14777122438502160589

2986 sideus8 the Grappler (level 9, -14/88 HPs)
             Began as a Gnoll Transmuter on Dec 18, 2020.
             Was a Follower of Wu Jian.
             Demolished by Harold
             ... wielding a +0 short sword
              (16 damage)
             ... on level 8 of the Dungeon.
             The game lasted 00:19:59 (7430 turns).

sideus8 the Grappler (Gnoll Transmuter)             Turns: 7430, Time: 00:19:59

Health: -14/88     AC: 10    Str: 16    XL:     9   Next: 83%
Magic:  14/17      EV: 13    Int: 16    God:    Wu Jian [*.....]
Gold:   48         SH:  0    Dex: 13    Spells: 4/21 levels left

rFire    x . .     SeeInvis .     - Unarmed
rCold    + + +     Faith    .   (shield currently unavailable)
rNeg     . . .     Spirit   .   (armour currently unavailable)
rPois    +         Reflect  .   (helmet currently unavailable)
rElec    .         Harm     .   (cloak currently unavailable)
rCorr    .         Rampage  .   (gloves currently unavailable)
Will     .....                  (boots currently unavailable)
Stlth    +++.......             u - amulet of the acrobat
HPRegen  0.24/turn              m - ring of poison resistance
MPRegen  0.15/turn              r - +4 ring of protection

@: ice-form
A: large, distributed training, clumsy 1, low mp 1, robust 1, strong nose
a: End Transformation, Renounce Religion


You were on level 8 of the Dungeon.
You worshipped Wu Jian.
Wu Jian was aware of your devotion.
You were a creature of crystalline ice.
You visited 1 branch of the dungeon, and saw 8 of its levels.
You also visited: Ossuary.

You collected 342 gold pieces.
You spent 294 gold pieces at shops.

Inventory:

Hand Weapons
 f - the +3 flail of Valiance {pain, *Contam +Inv rN+ Dex+5, unknown}
   (You found it on level 5 of the Dungeon)

   In the hands of one skilled in necromantic magic, it inflicts extra damage on
   living creatures.
   It affects your dexterity (+5).
   It protects you from negative energy.
   It lets you turn invisible.
   It causes magical contamination when unequipped.
 s - a +0 whip of venom
 F - a +4 quarterstaff of chaos
Armour
 a - a +0 robe (melded)
 g - a +2 pair of gloves (melded)
 l - a +1 ring mail
 o - a +2 hat (melded)
 A - the +3 chain mail "Uxale" {rC+ Str-4 Dex+5, unknown}
   (You bought it in a shop on level 7 of the Dungeon)

   It affects your strength (-4).
   It affects your dexterity (+5).
   It protects you from cold.
 G - a +0 cloak (melded)
Jewellery
 i - an uncursed amulet of reflection
 m - a ring of poison resistance (left front paw)
 p - an uncursed ring of protection from fire
 r - a +4 ring of protection (right front paw)
 u - an amulet of the acrobat (around neck)
 H - a +4 ring of evasion
Wands
 t - a wand of flame (14)
Scrolls
 b - 2 scrolls of teleportation
 e - 2 scrolls of remove curse
 h - 2 scrolls of amnesia
 w - 2 scrolls of fear {unknown}
 x - a scroll of immolation
 y - 4 scrolls of noise
 z - 3 scrolls of random uselessness {unknown}
 D - 2 scrolls of fog {unknown}
 I - a scroll of torment {unknown}
Potions
 c - 3 potions of heal wounds
 d - a potion of cancellation
 j - a potion of attraction
 k - 5 potions of curing
 n - 2 potions of haste
 q - 12 potions of degeneration {unknown}
 v - a potion of lignification
 B - 3 potions of flight {unknown}
 C - a potion of resistance {unknown}
 E - a potion of might {unknown}
Miscellaneous
 J - a box of beasts


   Skills:
 + Level 5.3 Fighting
 + Level 4.6 Short Blades
 + Level 4.6 Long Blades
 + Level 4.6 Axes
 + Level 4.6 Maces & Flails
 + Level 4.6 Polearms
 + Level 4.6 Staves
 + Level 4.6 Slings
 + Level 4.6 Bows
 + Level 4.6 Crossbows
 + Level 4.6 Throwing
 + Level 4.6 Armour
 + Level 6.6 Dodging
 + Level 4.6 Stealth
 + Level 4.6 Shields
 + Level 8.1 Unarmed Combat
 + Level 6.9 Spellcasting
 + Level 3.8 Conjurations
 + Level 3.8 Hexes
 + Level 3.8 Summonings
 + Level 3.8 Necromancy
 + Level 3.8 Translocations
 + Level 5.4 Transmutations
 + Level 3.8 Fire Magic
 + Level 3.8 Ice Magic
 + Level 3.8 Air Magic
 + Level 3.8 Earth Magic
 + Level 3.8 Poison Magic
 + Level 5.1 Invocations
 + Level 4.6 Evocations


You had 4 spell levels left.
You knew the following spells:

 Your Spells              Type           Power        Failure   Level
a - Beastly Appendage     Tmut           46%          1%          1
b - Wereblood             Tmut           23%          1%          2
c - Spider Form           Tmut/Pois      10%          5%          3
d - Ice Form              Ice/Tmut       20%          19%         4
e - Blade Hands           Tmut           11%          36%         5
f - Ensorcelled Hibernat  Hex/Ice        34%          4%          2

Your spell library contained the following spells:

 Spells                   Type           Power        Failure   Level
 Corona                   Hex            18%          2%          1
 Magic Dart               Conj           68%          2%          1
 Searing Ray              Conj           34%          4%          2
 Confusing Touch          Hex            17%          8%          3
 Dazzling Flash           Conj/Hex       34%          8%          3
 Tukima's Dance           Hex            17%          8%          3
 Fulminant Prism          Conj/Hex       8%           26%         4
 Iskenderun's Mystic Bla  Conj/Tloc      17%          26%         4


Dungeon Overview and Level Annotations

Branches:
Dungeon (8/15)             Temple (0/1) D:6         Ossuary (visited)
   Lair: D:8-11

Altars:
Wu Jian

Shops:
D:5 (   D:7 [

Annotations:
D:8 Harold


Innate Abilities, Weirdness & Mutations

Your experience applies equally to all skills.
((You have very sharp teeth.))
Your uncanny sense of smell can sniff out nearby items.
((You are partially covered in thin metallic scales. (AC +2)))
You are clumsy. (Dex -2)
Your magical capacity is low. (-10% MP)
You are robust. (+10% HP)


Message History

You punch Harold! You freeze Harold.
Harold is moderately wounded.
Harold hits you with a +0 short sword.
* * * LOW HITPOINT WARNING * * *
You hit Harold but do no damage.
Harold is moderately wounded.
You completely miss Harold.
Harold is moderately wounded.
Harold misses you.
You pummel Harold!! You freeze Harold.
Harold is severely wounded.
Harold hits you but does no damage.
You punch Harold! You freeze Harold.
Harold is almost dead.
Harold hits you with a +0 short sword!!
* * * LOW HITPOINT WARNING * * *
You hit Harold but do no damage.
Harold is almost dead.
Harold hits you with a +0 short sword!
You die...

#......##..........#.
.................#...
.##...###........####
.......#.........# ∆
#............#
######....#########
##..........##
####))###..........
#....## #Y@.......(
......###....[.........#
..... ....###..........#
#### ## ## #..........#
###########


You could see Harold.

Vanquished Creatures
  Prince Ribbit (D:6)
  Edmund (D:5)
  2 ice beasts
  A sky beast (D:5)
  2 ogres (D:4)
  3 orc warriors
  2 centaurs
  The ghost of Maimakterion the Conjurer, an amateur DECj (D:3)
  Blork the orc (D:6)
  A scorpion (D:7)
  3 killer bees (D:7)
  A wight (D:8)
  2 howler monkeys
  7 crimson imps (D:7)
  A hound (D:7)
  A quasit (D:5)
  Crazy Yiuf (D:6)
  3 orc priests
  2 centaur skeletons
  7 orc wizards
  2 iguanas
  6 worker ants
  Natasha (thrice) (D:2)
  3 big kobold zombies (Ossuary)
  A hound skeleton (D:5)
  5 mummies (Ossuary)
  A worker ant zombie (D:6)
  8 gnolls
  6 adders
  2 shadow imps
  2 white imps
  An ufetubus (D:7)
  An ooze (D:1)
  An adder skeleton (D:4)
  An adder zombie (D:4)
  4 worms
  2 dart slugs
  4 leopard geckos
  29 orcs
  2 ball pythons
  3 giant cockroaches
  6 goblins
  8 hobgoblins
  8 jackals
  A quokka (D:4)
  3 bats (D:1)
  2 frilled lizards
  A gnoll zombie (Ossuary)
  A goblin zombie (Ossuary)
  A hobgoblin zombie (Ossuary)
  6 kobolds
  A kobold zombie (Ossuary)
  An orc zombie (Ossuary)
  9 rats
178 creatures vanquished.

Notes
Turn   | Place    | Note
-------+----------+-------------------------------------------
     0 | D:1      | sideus8 the Gnoll Transmuter began the quest for the Orb.
     0 | D:1      | Reached XP level 1. HP: 17/17 MP: 6/6
   108 | D:1      | Reached XP level 2. HP: 11/23 MP: 5/7
   650 | D:1      | Reached XP level 3. HP: 28/28 MP: 7/9
   982 | D:1      | Reached skill level 5 in Spellcasting
  1376 | D:2      | You fall into a shaft and drop 2 floors!
  1401 | D:4      | Reached skill level 1 in Short Blades
  1401 | D:4      | Reached skill level 1 in Long Blades
  1401 | D:4      | Reached skill level 1 in Axes
  1401 | D:4      | Reached skill level 1 in Maces & Flails
  1401 | D:4      | Reached skill level 1 in Polearms
  1401 | D:4      | Reached skill level 1 in Staves
  1401 | D:4      | Reached skill level 1 in Slings
  1401 | D:4      | Reached skill level 1 in Bows
  1401 | D:4      | Reached skill level 1 in Crossbows
  1401 | D:4      | Reached skill level 1 in Throwing
  1401 | D:4      | Reached skill level 1 in Armour
  1401 | D:4      | Reached skill level 1 in Stealth
  1401 | D:4      | Reached skill level 1 in Shields
  1401 | D:4      | Reached skill level 1 in Invocations
  1401 | D:4      | Reached skill level 1 in Evocations
  1401 | D:4      | Reached XP level 4. HP: 15/34 MP: 9/11
  1409 | D:4      | Reached skill level 1 in Conjurations
  1409 | D:4      | Reached skill level 1 in Hexes
  1409 | D:4      | Reached skill level 1 in Summonings
  1409 | D:4      | Reached skill level 1 in Necromancy
  1409 | D:4      | Reached skill level 1 in Translocations
  1409 | D:4      | Reached skill level 1 in Fire Magic
  1409 | D:4      | Reached skill level 1 in Ice Magic
  1409 | D:4      | Reached skill level 1 in Air Magic
  1409 | D:4      | Reached skill level 1 in Earth Magic
  1409 | D:4      | Reached skill level 1 in Poison Magic
  1884 | D:3      | Reached XP level 5. HP: 27/40 MP: 10/12
  2195 | D:3      | Found a runed translucent door.
  2195 | D:3      | Noticed Maimakterion's ghost (amateur DECj)
  2207 | D:3      | Learned a level 2 spell: Wereblood
  2211 | D:3      | Learned a level 3 spell: Spider Form
  2216 | D:3      | Learned a level 4 spell: Ice Form
  2220 | D:3      | Killed Maimakterion's ghost
  2442 | D:2      | Reached XP level 6. HP: 47/47 MP: 13/13
  2463 | D:2      | Noticed Natasha
  2497 | D:2      | Killed Natasha
  2556 | D:2      | Noticed Natasha
  2758 | D:2      | Killed Natasha
  2783 | D:2      | Noticed Natasha
  2793 | D:2      | Killed Natasha
  2794 | D:2      | Reached skill level 5 in Dodging
  3526 | D:4      | Reached XP level 7. HP: 46/52 MP: 13/15
  3704 | D:4      | Reached skill level 7 in Unarmed Combat
  4427 | D:5      | Entered Level 5 of the Dungeon
  4455 | D:5      | Found a sand-covered staircase.
  4459 | Ossuary  | Entered an ossuary
  4557 | Ossuary  | Reached XP level 8. HP: 57/60 MP: 7/16
  4680 | Ossuary  | Learned a level 5 spell: Blade Hands
  4683 | Ossuary  | Learned a level 2 spell: Ensorcelled Hibernation
  4778 | D:5      | Noticed Edmund
  4783 | D:5      | Found Vataam's Weapon Boutique.
  4799 | D:5      | Killed Edmund
  4892 | D:5      | Got a warped flail
  5415 | D:6      | Found an ornate altar of the Wu Jian Council.
  5420 | D:6      | Became a worshipper of the Wu Jian Council
  5520 | D:6      | Found a staircase to the Ecumenical Temple.
  5680 | D:6      | Noticed Blork the orc
  5685 | D:6      | Killed Blork the orc
  5794 | D:6      | Found a runed translucent door.
  5795 | D:6      | Noticed Crazy Yiuf
  5804 | D:6      | Killed Crazy Yiuf
  5982 | D:6      | Noticed Prince Ribbit
  5996 | D:6      | Reached XP level 9. HP: 56/66 MP: 13/18
  5999 | D:6      | Reached skill level 5 in Transmutations
  6001 | D:6      | Killed Prince Ribbit
  6412 | D:7      | Reached * piety under Wu Jian
  6428 | D:7      | Reached skill level 5 in Fighting
  6795 | D:7      | Reached skill level 8 in Unarmed Combat
  6821 | D:7      | Gained mutation: You are clumsy. (Dex -2) [potion of
                  | mutation]
  6821 | D:7      | Gained mutation: You are partially covered in thin metallic
                  | scales. (AC +2) [potion of mutation]
  6821 | D:7      | Gained mutation: Your magical capacity is low. (-10% MP)
                  | [potion of mutation]
  6821 | D:7      | Gained mutation: You are robust. (+10% HP) [potion of
                  | mutation]
  6922 | D:7      | Found Mengous's Antique Armour Emporium.
  7015 | D:7      | Bought a masterwork chain mail for 294 gold pieces
  7227 | D:7      | Reached skill level 5 in Invocations
  7384 | D:8      | Noticed Harold
  7429 | D:8      | HP: 1/88 [Harold/+0 short sword (21)]
  7430 | D:8      | Demolished by Harold

Illustrated notes

Levels and vault maps discovered:
D:1:      minmay_arrival_stone_box, layout_loops_corners, minmay_quantized
D:2:      layout_rooms, chequers_garden, uniq_natasha
D:3:      layout_rooms, hellmonk_ghost_happy_afterlife
D:4:      layout_basic
D:5:      layout_rooms, enter_ossuary_5, serial_shops, shop, uniq_edmund
D:6:      layout_basic, lemuel_crystal_altar,
          minmay_temple_entry_enclosed_plants, kennysheep_generic_room_9,
          uniq_crazy_yiuf_cottage, uniq_blork_the_orc, uniq_prince_ribbit1
D:7:      layout_loops_ring, serial_shops, nicolae_shop_waterfront,
          minmay_nine_imps
D:8:      layout_rooms, grunt_ministairs_9, uniq_grum, uniq_harold

Skill      XL: |  1  2  3  4  5  6  7  8  9 |
---------------+----------------------------+-----
Spellcasting   | 5 6 |  6.9
Short Blades   | 1 2 3 4 |  4.6
Long Blades    | 1 2 3 4 |  4.6
Axes           | 1 2 3 4 |  4.6
Maces & Flails | 1 2 3 4 |  4.6
Polearms       | 1 2 3 4 |  4.6
Staves         | 1 2 3 4 |  4.6
Slings         | 1 2 3 4 |  4.6
Bows           | 1 2 3 4 |  4.6
Crossbows      | 1 2 3 4 |  4.6
Throwing       | 1 2 3 4 |  4.6
Armour         | 1 2 3 4 |  4.6
Stealth        | 1 2 3 4 |  4.6
Shields        | 1 2 3 4 |  4.6
Invocations    | 1 2 3 4 5 |  5.1
Evocations     | 1 2 3 4 |  4.6
Conjurations   | 1 2 3 |  3.8
Hexes          | 1 2 3 |  3.8
Summonings     | 1 2 3 |  3.8
Necromancy     | 1 2 3 |  3.8
Translocations | 1 2 3 |  3.8
Fire Magic     | 1 2 3 |  3.8
Ice Magic      | 1 2 3 |  3.8
Air Magic      | 1 2 3 |  3.8
Earth Magic    | 1 2 3 |  3.8
Poison Magic   | 1 2 3 |  3.8
Fighting       | 3 4 5 |  5.3
Transmutations | 4 5 |  5.4
Dodging        | 5 6 |  6.6
Unarmed Combat | 7 8 |  8.1

Action                   |  1- 3 |  4- 6 |  7- 9 || total
-------------------------+-------+-------+-------++-------
Melee: Unarmed           |    53 |   143 |   316 ||   512
       Bite              |     2 |     7 |    17 ||    26
       Kick              |     8 |    26 |    36 ||    70
       Headbutt          |     7 |    13 |    22 ||    42
       Punch             |     1 |     1 |     7 ||     9
 Cast: Beastly Appendage |    16 |    19 |    19 ||    54
       Ice Form          |       |     3 |    13 ||    16
       Spider Form       |       |     1 |     1 ||     2
       Wereblood         |       |     1 |       ||     1
Invok: Lunge             |       |       |    12 ||    12
       Whirlwind         |       |       |     5 ||     5
  Use: Potion            |       |     1 |     3 ||     4
       Scroll            |       |       |    12 ||    12
 Stab: Sleeping          |       |     2 |     4 ||     6
Armor: Robe              |     9 |    10 |    30 ||    49
       Skin              |       |     2 |    52 ||    54
Dodge: Dodged            |    40 |    67 |   180 ||   287
Block: Other             |       |    22 |    33 ||    55
       Reflection        |       |       |     1 ||     1

Table legend: (Time is in decaauts)
 A = Elapsed time spent in this place.
 B = Non-inter-level travel time spent in this place.
 C = Inter-level travel time spent in this place.
 D = Time resting spent in this place.
 E = Time spent auto-exploring this place.
 F = Levels seen in this place.
 G = Mean time per level.
                   A        B        C        D        E       F      G
               +--------+--------+--------+--------+--------+-----+--------+
         Total |   7364 |   7364 |      0 |    668 |   3989 |   9 |  818.2 |
       Dungeon |   7124 |   7124 |      0 |    668 |   3989 |   8 |  890.5 |
       Ossuary |    239 |    239 |      0 |      0 |      0 |   1 |  239.0 |
               +--------+--------+--------+--------+--------+-----+--------+

Top non-repeatable levels by time:
     D:4: 1533 daAuts
     D:1: 1319 daAuts
     D:7: 1058 daAuts
     D:6: 986 daAuts
     D:2: 868 daAuts
     D:3: 677 daAuts
     D:5: 596 daAuts
 Ossuary: 239 daAuts
     D:8: 84 daAuts
